 Dungeon Crawl Stone Soup version 0.28.0-53-g5a82cb258f (webtiles) character file.

Game seed: 5008902690373165335

130475 DearestLeader the Devastator (level 16, -2/151 HPs)
             Began as a Grey Draconian Conjurer on May 25, 2022.
             Was the Champion of Vehumet.
             Slain by a large abomination (25 damage)
             ... on level 4 of the Abyss on May 27, 2022.
             The game lasted 01:37:58 (32701 turns).

DearestLeader the Devastator (DrCj)                Turns: 32701, Time: 01:37:59

Health: -2/151     AC: 23    Str: 16    XL:     16   Next: 53%
Magic:  28/32      EV: 14    Int: 31    God:    Vehumet [******]
Gold:   1308       SH:  5    Dex: 10    Spells: 6/39 levels left

rFire   . . .      SeeInvis .   d - +10 quick blade "Vuerief" {protect, Int+5}
rCold   + . .      Faith    .   A - +0 buckler {rC+}
rNeg    . . .      Spirit   .   (armour unavailable)
rPois   +          Reflect  .   l - +1 hat
rElec   .          Harm     .   k - +2 cloak {rPois}
rCorr   .          Rampage  .   o - +0 pair of gloves
Will    ++...                   (no boots)
Stlth   +++.......              u - amulet of magic regeneration
HPRegen 0.35/turn               I - +6 ring of strength
MPRegen 0.63/turn               V - +4 ring of protection

@: no status effects
A: AC +14, amphibious, unfitting armour, cold-blooded, strong-willed 1, robust
1, noise suppression
a: Renounce Religion


You were on level 4 of the Abyss.
You worshipped Vehumet.
Vehumet was exalted by your worship.
You visited 5 branches of the dungeon, and saw 28 of its levels.
You visited the Abyss 1 time.
You also visited: Bailey.

You collected 4583 gold pieces.
You spent 3275 gold pieces at shops.

Inventory:

Hand Weapons
 d - the +10 quick blade "Vuerief" (weapon) {protect, Int+5}
   (You acquired it on level 2 of the Orcish Mines)

   It grants its wielder temporary protection when it strikes (+7 to AC).
   Int:       It affects your intelligence (+5).
 m - the +4 spear "Usem" {vorpal, rElec}
   (You found it on level 4 of the Dungeon)

   It inflicts extra damage upon your enemies.
   rElec:     It insulates you from electricity.
Missiles
 y - a throwing net
Armour
 h - a +1 kite shield of protection
 k - a +2 cloak of poison resistance (worn)
 l - a +1 hat (worn)
 o - a +0 pair of gloves (worn)
 A - a +0 buckler of cold resistance (worn)
Jewellery
 f - a ring of fire
 g - an amulet of faith
 u - an amulet of magic regeneration (around neck)
 I - a +6 ring of strength (left hand)
 V - a +4 ring of protection (right hand)
Wands
 b - a wand of paralysis (18)
 v - a wand of digging (8)
 z - a wand of acid (17)
 J - a wand of flame (15)
 L - a wand of polymorph (2)
 Q - a wand of charming (7)
 R - a wand of iceblast (22)
 X - a wand of mindburst (8)
Scrolls
 a - 2 scrolls of enchant weapon
 c - 4 scrolls of immolation
 n - a scroll of brand weapon
 p - 8 scrolls of teleportation
 t - a scroll of holy word
 B - 4 scrolls of enchant armour
 C - 2 scrolls of noise {unknown}
 E - 5 scrolls of amnesia
 M - 3 scrolls of fear
 N - a scroll of fog {unknown}
 U - 2 scrolls of magic mapping
 W - a scroll of identify
 Y - a scroll of summoning
Potions
 e - 7 potions of flight
 i - a potion of invisibility
 j - 3 potions of brilliance
 q - a potion of berserk rage {unknown}
 r - a potion of haste
 x - a potion of attraction {unknown}
 D - 2 potions of might
 F - 2 potions of mutation
 G - 4 potions of cancellation
 H - 2 potions of lignification {unknown}
 K - 2 potions of degeneration {unknown}
 O - a potion of experience {unknown}
 T - 3 potions of resistance
 Z - 2 potions of magic
Miscellaneous
 P - a lightning rod (4/4)


   Skills:
 + Level 11.5 Fighting
 - Level 10.0 Short Blades
 + Level 8.2 Dodging
 + Level 7.7 Stealth
 - Level 5.0 Shields
 - Level 12.0 Spellcasting
 + Level 17.9 Conjurations
 - Level 7.0 Hexes
 * Level 4.3 Transmutations
 - Level 4.0 Ice Magic
 * Level 5.1 Earth Magic


You had 6 spell levels left.
You knew the following spells:

 Your Spells              Type           Power      Damage    Failure   Level
a - Magic Dart            Conj           100%       1d8       0%          1
b - Searing Ray           Conj           100%       2d8       0%          2
c - Fulminant Prism       Conj/Hex       38%        3d18      1%          4
d - Iskenderun's Battles  Conj           92%        2d14      1%          5
e - Orb of Destruction    Conj           46%        9d12      1%          7
f - Mephitic Cloud        Conj/Pois/Air  53%        N/A       1%          3
g - Freezing Cloud        Conj/Ice/Air   29%        6-21      1%          5
h - Statue Form           Tmut/Erth      32%        N/A       58%         6

Your spell library contained the following spells:

 Spells                   Type           Power      Damage    Failure   Level
 Eringya's Noxious Bog    Tmut/Pois      16%        N/A       45%         6
 Beastly Appendage        Tmut           90%        N/A       1%          1
 Foxfire                  Conj/Fire      100%       2x1d9     1%          1
 Slow                     Hex            100%       N/A       1%          1
 Sting                    Tmut/Pois      100%       1d8       1%          1
 Ensorcelled Hibernation  Hex/Ice        100%       N/A       1%          2
 Passwall                 Tmut/Erth      40%        N/A       1%          2
 Conjure Flame            Conj/Fire      65%        6-21      1%          3
 Dazzling Flash           Conj/Hex       100%       N/A       1%          3
 Frozen Ramparts          Ice            86%        1d10      1%          3
 Ignite Poison            Fire/Tmut/Pois 27%        N/A       1%          3
 Inner Flame              Hex/Fire       40%        N/A       1%          3
 Tukima's Dance           Hex            58%        N/A       1%          3
 Flame Wave               Conj/Fire      65%        2d12      1%          4
 Iskenderun's Mystic Bla  Conj/Tloc      65%        2d13      1%          4
 Fireball                 Conj/Fire      32%        3d14      1%          5
 Irradiate                Conj/Tmut      36%        3d25      1%          5
 Iron Shot                Conj/Erth      37%        9d7       1%          6
 Yara's Violent Unravell  Hex/Tmut       26%        3d11      2%          5
 Apportation              Tloc           36%        N/A       3%          1
 Summon Small Mammal      Summ           72%        N/A       3%          1
 Lee's Rapid Deconstruct  Erth           25%        3d15*     3%          5
 Conjure Ball Lightning   Conj/Air       32%        3x3d10    3%          6
 Starburst                Conj/Fire      32%        6d10      3%          6
 Call Imp                 Summ           18%        N/A       4%          2
 Corpse Rot               Necr/Air       36%        N/A       4%          2
 Spider Form              Tmut/Pois      32%        N/A       4%          3
 Ice Form                 Ice/Tmut       44%        N/A       6%          4
 Anguish                  Hex/Necr       20%        N/A       8%          4
 Swiftness                Air            18%        N/A       10%         3
 Metabolic Englaciation   Hex/Ice        25%        N/A       10%         5
 Summon Ice Beast         Ice/Summ       31%        N/A       14%         4
 Blade Hands              Tmut           22%        N/A       16%         5
 Silence                  Hex/Air        20%        N/A       22%         5
 Animate Dead             Necr           9%         N/A       32%         4
 Dispel Undead            Necr           18%        3d11      32%         4
 Passage of Golubria      Tloc           18%        N/A       32%         4
 Summon Lightning Spire   Summ/Air       18%        N/A       32%         4
 Borgnjor's Vile Clutch   Necr/Erth      17%        N/A       32%         5
 Alistair's Intoxication  Tmut/Pois      21%        N/A       36%         5
 Death Channel            Necr           9%         N/A       99%         6
 Spellforged Servitor     Conj/Summ      32%        N/A       19%         7
 Enfeeble                 Hex            29%        N/A       85%         7
 Storm Form               Tmut/Air       16%        N/A       100%        7
 Discord                  Hex            29%        N/A       100%        8
 Infestation              Necr           9%         N/A       100%        8
 Maxwell's Capacitive Co  Air            9%         ∞         100%        8
 Dragon's Call            Summ           9%         N/A       100%        9


Dungeon Overview and Level Annotations

Branches:
Dungeon (15/15)            Temple (1/1) D:4            Lair (6/6) D:11
  Swamp (4/4) Lair:3        Snake (0/4) Lair:4        Slime (0/5) Lair:5
    Orc (2/2) D:11            Elf (0/3) Orc:2        Vaults (0/5) D:13
 Depths (0/4) D:15         Bailey (visited)

Altars:
Dithmenos
Elyvilon
Fedhas
Gozag
Hepliaklqana
Kikubaaqudgha
Makhleb
Nemelex Xobeh
Okawaru
Qazlal
Ru
Sif Muna
Trog
Uskayaw
Vehumet
Wu Jian
Xom
Yredelemnul
Zin
The Shining One
Jiyva

Shops:
D:1 [   D:3 [   Orc:2 :?:[

Annotations:
Swamp:4 Louise
Abyss:1 Duvessa, Pikel, Prince Ribbit


Innate Abilities, Weirdness & Mutations

Your dull iron-grey scales are very hard. (AC +14)
You are amphibious.
You cannot fit into any form of body armour.
You are cold-blooded and may be slowed by cold attacks.
You are strong-willed. (Will+)
You are robust. (+10% HP)
You passively dampen the noise of your surroundings.


Message History

The large abomination is heavily damaged.
You hit the large abomination but do no damage.
You tail-slap the large abomination, but do no damage.
The large abomination is heavily damaged.
The large abomination hits you but does no damage.
You puncture the large abomination!
You tail-slap the large abomination, but do no damage.
The large abomination is heavily damaged.
Casting: Searing Ray (safe; 0% risk of failure)
Confirm with . or Enter, or press ? or * to list all spells.
Aiming: Searing Ray (safe; 0% risk of failure)
Press: ? - help, Shift-Dir - straight line, f - large abomination
Aim: a large abomination (heavily damaged, 92% to hit)
The searing ray hits the large abomination.
The large abomination is severely damaged. (Press . to maintain the ray.)
The large abomination hits you.
* * * LOW HITPOINT WARNING * * *
The large abomination hits you!!
* * * LOW HITPOINT WARNING * * *
The searing ray hits the large abomination.
The large abomination is severely damaged.
You block the large abomination's attack.
The searing ray hits the large abomination.
The large abomination is almost destroyed.
You block the large abomination's attack.
The searing ray hits the large abomination but does no damage.
The large abomination is almost destroyed.
You finish channelling your searing ray.
The large abomination hits you but does no damage.
Casting: Searing Ray (safe; 0% risk of failure)
Confirm with . or Enter, or press ? or * to list all spells.
Aiming: Searing Ray (safe; 0% risk of failure)
Press: ? - help, Shift-Dir - straight line, f/p - large abomination
Aim: a large abomination (almost destroyed, 92% to hit)
The searing ray hits the large abomination.
The large abomination is almost destroyed. (Press . to maintain the ray.)
The large abomination hits you!!
You die...

###
#@#
#X.#
####


You could see a large abomination.

Vanquished Creatures
  A tentacled starspawn (Abyss:2)
  Roxanne (D:14)
  Nessos (D:14)
  5 eleionomae
  6 bunyips
  An ettin (D:15)
  A rakshasa (D:15)
  2 boulder beetles
  A catoblepas (Lair:6)
  3 ghost crabs
  A centaur warrior (D:15)
  14 hydras
  An ogre mage (D:15)
  2 dancing weapons (D:13)
  17 death yaks
  9 alligators
  10 two-headed ogres
  2 thrashing horrors (Abyss:3)
  5 goliath frogs
  A sixfirhy (Abyss:3)
  5 skeletal warriors (D:11)
  A spriggan druid (Swamp:2)
  2 wizards
  8 bog bodies
  A swamp dragon (Swamp:3)
  2 deep trolls (D:15)
  A deep elf pyromancer (D:13)
  A lindwurm (Lair:6)
  A necromancer (D:15)
  An oklob plant (Lair:2)
  5 orc knights
  22 ugly things
  3 manticores
  2 orc sorcerers
  14 elephants
  2 cyclopes (D:12)
  3 will-o-the-wisps
  Maurice (Orc:1)
  3 black mambas
  Maggie (D:10)
  A gargoyle (D:10)
  A torpor snail (Lair:5)
  14 cane toads
  5 komodo dragons
  3 efreet
  An ancient zyme (Abyss:3)
  4 trolls
  A bloated husk (Swamp:1)
  3 meliai (D:13)
  9 tyrant leeches
  Grinder (D:6)
  5 raiju
  6 hornets
  2 centaur simulacra (D:15)
  30 blink frogs
  A culicivora (shapeshifter) (D:15)
  Sigmund (D:2)
  7 wyverns
  6 spriggans
  2 wraiths
  67 yaks
  A steam dragon (D:6)
  A large abomination (Abyss:2)
  3 basilisks
  A neqoxec (Abyss:3)
  Menkaure (D:6)
  A warg (D:15)
  4 nagas (Lair:4)
  2 acid dragons
  16 swamp worms
  11 water moccasins
  34 orc warriors
  2 sky beasts
  A swamp drake (Swamp:3)
  An ice beast (D:7)
  5 ogres
  9 wolves (Lair:2)
  8 centaurs
  A lemure (D:6)
  5 kobold brigands
  9 bullfrogs
  4 scorpions
  A gnoll sergeant (D:8)
  A wyvern zombie (D:6)
  2 water moccasin zombies
  2 water moccasin skeletons
  Dowan (D:5)
  A wight (D:7)
  2 electric eels
  4 howler monkeys
  5 centaur zombies
  2 small abominations
  A hound (D:7)
  2 jellies
  10 orc priests
  Crazy Yiuf (D:2)
  A bullfrog skeleton (D:5)
  2 gnoll shamans
  Jessica (D:2)
  A scorpion zombie (D:5)
  An iguana (D:7)
  14 orc wizards
  A hound skeleton (D:5)
  Robin (D:4)
  A howler monkey zombie (D:10)
  3 adders
  18 gnolls
  2 shadow imps (D:6)
  An ufetubus (D:5)
  A worm (D:3)
  4 dart slugs
  53 orcs
  8 ball pythons
  9 endoplasms
  3 giant cockroaches
  21 goblins
  12 hobgoblins
  3 quokkas
  4 bats
  5 frilled lizards (D:1)
  2 goblin skeletons (D:6)
  3 goblin zombies (D:6)
  A hobgoblin zombie (D:6)
  16 kobolds
  A kobold zombie (D:6)
  6 rats
  A starspawn tentacle (Abyss:2)
688 creatures vanquished.

Vanquished Creatures (others)
  Fannar (Lair:1)
  An alligator (Swamp:4)
  An elephant (Lair:6)
  A bloated husk (Swamp:2)
  A swamp worm (Swamp:4)
  3 jackals (D:4)
  4 foxfires (Swamp:2)
  82 fulminant prisms
  26 fungi
  40 plants
  3 starspawn tentacles (Abyss:2)
163 creatures vanquished.

Grand Total: 851 creatures vanquished

Notes
Turn   | Place    | Note
-------+----------+-------------------------------------------
     0 | D:1      | DearestLeader the Draconian Conjurer began the quest for
                  | the Orb.
     0 | D:1      | Reached XP level 1. HP: 14/14 MP: 3/3
   230 | D:1      | Reached XP level 2. HP: 17/20 MP: 0/5
   379 | D:1      | Learned a level 2 spell: Searing Ray
   677 | D:1      | Found Wyzih's Antique Armour Shop.
   712 | D:1      | Reached XP level 3. HP: 26/26 MP: 3/6
  1239 | D:2      | Noticed Sigmund
  1830 | D:3      | Reached skill level 5 in Conjurations
  1830 | D:3      | Reached XP level 4. HP: 34/34 MP: 3/7
  1832 | D:3      | Reached skill level 1 in Fighting
  1992 | D:3      | Identified a scroll of acquirement
  1992 | D:3      | Acquired 1140 gold pieces
  2269 | D:3      | Found a faded altar of an unknown god.
  2273 | D:3      | Got Plato's Grimoire of Moulding
  2522 | D:3      | Found Launiol's Antique Armour Emporium.
  2814 | D:2      | Killed Sigmund
  2815 | D:2      | Reached skill level 6 in Conjurations
  2815 | D:2      | Reached XP level 5. HP: 38/41 MP: 0/8
  2815 | D:2      | Reached XP level 6. HP: 45/48 MP: 0/9
  2820 | D:2      | Learned a level 4 spell: Fulminant Prism
  2996 | D:2      | Found a runed translucent door.
  2997 | D:2      | Noticed Crazy Yiuf
  3211 | D:2      | Noticed Jessica
  3223 | D:2      | Killed Jessica
  3653 | D:2      | Killed Crazy Yiuf
  3987 | D:1      | Bought a runed hat for 161 gold pieces
  4071 | D:4      | Identified the +4 spear "Usem" {vorpal, rElec}
  4118 | D:3      | Reached skill level 1 in Hexes
  4400 | D:4      | Reached skill level 7 in Conjurations
  4582 | D:4      | Noticed Robin
  4597 | D:4      | Killed Robin
  4864 | D:4      | Found a staircase to the Ecumenical Temple.
  4988 | Temple   | Entered the Ecumenical Temple
  5224 | Temple   | Became a worshipper of Vehumet
  5313 | D:5      | Entered Level 5 of the Dungeon
  5335 | D:5      | Your scales start taking on a dull iron-grey colour.
  5335 | D:5      | Reached XP level 7. HP: 52/56 MP: 10/10
  5535 | D:5      | Noticed Dowan
  5541 | D:5      | Noticed Duvessa
  5547 | D:5      | Killed Dowan
  5551 | D:5      | Banished Duvessa
  5920 | D:5      | Reached skill level 8 in Conjurations
  6015 | D:5      | Reached skill level 1 in Short Blades
  6015 | D:5      | Reached XP level 8. HP: 34/66 MP: 6/11
  6415 | D:6      | Noticed Menkaure
  6433 | D:6      | Killed Menkaure
  6598 | D:6      | Noticed Prince Ribbit
  6640 | D:6      | Banished Prince Ribbit
  6641 | D:6      | Reached skill level 9 in Conjurations
  6750 | D:6      | Reached skill level 5 in Fighting
  6880 | D:6      | Reached * piety under Vehumet
  6880 | D:6      | Offered knowledge of Shock by Vehumet.
  6881 | D:6      | Reached XP level 9. HP: 69/74 MP: 5/13
  7034 | D:6      | Noticed Grinder
  7041 | D:6      | Killed Grinder
  7208 | D:6      | Found a glowing golden altar of the Shining One.
  7239 | D:6      | Reached skill level 10 in Conjurations
  7377 | D:6      | Noticed Pikel
  7396 | D:6      | Banished Pikel
  8193 | D:7      | Offered knowledge of Static Discharge by Vehumet.
  8474 | D:8      | Found a flagged portal.
  8487 | Bailey   | Entered a bailey
  8505 | Bailey   | Reached ** piety under Vehumet
  8520 | Bailey   | Reached skill level 5 in Short Blades
  8525 | Bailey   | Reached XP level 10. HP: 14/81 MP: 15/17
  8852 | Bailey   | Reached skill level 11 in Conjurations
  8973 | Bailey   | Found a bloodstained altar of Trog.
  9144 | D:8      | Reached skill level 5 in Spellcasting
  9182 | D:8      | Learned a level 5 spell: Iskenderun's Battlesphere
  9204 | D:8      | Learned a level 7 spell: Orb of Destruction
  9782 | D:9      | Reached skill level 5 in Hexes
  9850 | D:9      | Offered knowledge of Mephitic Cloud by Vehumet.
 10138 | D:9      | Reached skill level 12 in Conjurations
 10497 | D:10     | Entered Level 10 of the Dungeon
 10506 | D:10     | Noticed a gargoyle
 10512 | D:10     | Killed a gargoyle
 10593 | D:10     | Reached *** piety under Vehumet
 10600 | D:10     | Noticed a two-headed ogre
 10609 | D:10     | Killed a two-headed ogre
 10610 | D:10     | Reached XP level 11. HP: 64/86 MP: 16/20
 10642 | D:10     | Noticed a two-headed ogre
 10648 | D:10     | Killed a two-headed ogre
 11364 | D:10     | Noticed Maggie
 11375 | D:10     | Killed Maggie
 11666 | D:10     | Offered knowledge of Olgreb's Toxic Radiance by Vehumet.
 12032 | D:11     | Reached skill level 13 in Conjurations
 12035 | D:11     | Noticed a death yak
 12038 | D:11     | Noticed a death yak
 12043 | D:11     | Noticed a death yak
 12045 | D:11     | Noticed a death yak
 12045 | D:11     | Noticed a death yak
 12048 | D:11     | Killed a death yak
 12049 | D:11     | Noticed a death yak
 12070 | D:10     | Killed a death yak
 12157 | D:11     | Found a staircase to the Lair.
 12170 | D:11     | Noticed a two-headed ogre
 12174 | D:11     | Noticed a red ugly thing
 12176 | Lair:1   | Entered Level 1 of the Lair of Beasts
 12179 | Lair:1   | HP: 2/89 [two-headed ogre/+0 giant club (19)]
 12181 | Lair:1   | Killed a two-headed ogre
 13101 | Lair:1   | Reached **** piety under Vehumet
 13162 | Lair:1   | Noticed a catoblepas
 13175 | Lair:1   | Noticed Fannar
 13185 | Lair:1   | Killed Fannar
 13212 | Lair:1   | Banished a catoblepas
 13213 | Lair:1   | Reached XP level 12. HP: 27/100 MP: 2/21
 13219 | Lair:1   | Reached skill level 14 in Conjurations
 14116 | Lair:2   | Offered knowledge of Lightning Bolt by Vehumet.
 14124 | Lair:2   | Noticed an eight-headed hydra
 14128 | Lair:2   | Killed an eight-headed hydra
 14333 | Lair:2   | Acquired a Trismegistus Codex
 14339 | Lair:2   | Learned a level 3 spell: Mephitic Cloud
 15134 | Lair:3   | Noticed a six-headed hydra
 15140 | Lair:3   | Killed a six-headed hydra
 15338 | Lair:3   | Reached skill level 5 in Stealth
 15727 | Lair:3   | Reached skill level 15 in Conjurations
 15839 | Lair:3   | Found a staircase to the Swamp.
 16092 | D:11     | Noticed a boulder beetle
 16218 | Lair:4   | Found a staircase to the Snake Pit.
 16279 | Lair:4   | Reached XP level 13. HP: 108/108 MP: 11/23
 16282 | Lair:4   | Reached ***** piety under Vehumet
 16321 | Lair:4   | Offered knowledge of Airstrike by Vehumet.
 17814 | Lair:5   | HP: 5/111 [elephant (11)]
 18142 | Lair:5   | Reached skill level 10 in Short Blades
 18392 | Lair:5   | Reached skill level 16 in Conjurations
 18569 | Lair:5   | Found a viscous altar of Jiyva.
 18570 | Lair:5   | Found a staircase to the Slime Pits.
 18707 | Lair:5   | Reached skill level 10 in Fighting
 18853 | Lair:5   | Learned a level 5 spell: Freezing Cloud
 19318 | Lair:6   | Entered Level 6 of the Lair of Beasts
 19488 | Lair:6   | Reached skill level 1 in Ice Magic
 19506 | Lair:6   | Reached XP level 14. HP: 48/121 MP: 26/26
 20804 | Lair:6   | Offered knowledge of Spellforged Servitor by Vehumet.
 20805 | Lair:6   | Reached skill level 17 in Conjurations
 21970 | D:11     | Found a staircase to the Orcish Mines.
 21980 | Orc:1    | Entered Level 1 of the Orcish Mines
 21980 | Orc:1    | Noticed Maurice
 22020 | Orc:1    | Killed Maurice
 22542 | Orc:1    | Reached skill level 5 in Dodging
 22740 | Orc:2    | Entered Level 2 of the Orcish Mines
 22749 | Orc:2    | Reached skill level 10 in Spellcasting
 22917 | Orc:2    | Offered knowledge of Ozocubu's Refrigeration by Vehumet.
 22959 | Orc:2    | Found Jozeics's Magic Scroll Shoppe.
 22959 | Orc:2    | Found Wouwas's Book Boutique.
 22964 | Orc:2    | Found Lettak's Book Emporium.
 22966 | Orc:2    | Found Duublon's Armour Shop.
 22971 | Orc:2    | Bought a scroll of acquirement for 728 gold pieces
 22971 | Orc:2    | Acquired the +10 quick blade "Vuerief" {protect, Int+5}
 22975 | Orc:2    | Bought the Compendium of the Cankerous Oath for 750 gold
                  | pieces
 22975 | Orc:2    | Bought the Reference Book on Creative Heat for 600 gold
                  | pieces
 22978 | Orc:2    | Bought the Disquisition on Poisonous Dark Rites for 616
                  | gold pieces
 22978 | Orc:2    | Bought Great Wizards, Vol. VII for 420 gold pieces
 23229 | Orc:2    | Found a staircase to the Elven Halls.
 24493 | D:11     | Reached XP level 15. HP: 126/126 MP: 10/29
 25189 | D:13     | Found a gate to the Vaults.
 25430 | D:13     | Identified the +5 ring mail of Boredom {rN+ Dex-5 SInv}
 26278 | D:14     | Acquired a +1 kite shield of protection
 26721 | D:14     | Reached skill level 1 in Shields
 26921 | D:14     | Found a stormy altar of Qazlal.
 26946 | D:14     | Identified Roxanne's Grimoire of the Crushed Ghosts
 26946 | D:14     | Noticed Roxanne
 26994 | D:14     | Killed Roxanne
 27316 | D:14     | Noticed Nessos
 27325 | D:14     | Killed Nessos
 27740 | D:15     | Entered Level 15 of the Dungeon
 27874 | D:15     | Found a staircase to the Depths.
 29001 | Swamp:1  | Entered Level 1 of the Swamp
 29236 | Swamp:1  | Reached ****** piety under Vehumet
 29709 | Swamp:1  | Learned a level 6 spell: Statue Form
 29722 | Swamp:1  | Reached XP level 16. HP: 121/137 MP: 32/32
 29868 | Swamp:2  | Reached skill level 1 in Earth Magic
 29879 | Swamp:2  | Offered knowledge of Eringya's Noxious Bog by Vehumet.
 29883 | Swamp:2  | Reached skill level 1 in Transmutations
 29890 | Swamp:2  | Reached skill level 5 in Shields
 30910 | Swamp:2  | Identified the +0 robe of Darkness {+Blink rPois}
 31513 | Swamp:3  | Reached skill level 5 in Earth Magic
 31808 | Swamp:4  | Entered Level 4 of the Swamp
 31826 | Swamp:4  | Noticed Louise
 31863 | Swamp:4  | Cast into level 2 of the Abyss (Louise)
 31908 | Abyss:2  | Noticed a bone dragon
 31964 | Abyss:2  | Noticed a tentacled starspawn
 32020 | Abyss:2  | Killed a tentacled starspawn
 32204 | Abyss:3  | Gained mutation: You are clumsy. (Dex -2) [a neqoxec]
 32313 | Abyss:3  | Noticed a tentacled starspawn
 32405 | Abyss:3  | HP: 5/138 [small abomination (12)]
 32409 | Abyss:3  | Lost mutation: You are clumsy. (Dex -2) [potion of
                  | mutation]
 32409 | Abyss:3  | Gained mutation: You are strong-willed. (Will+) [potion of
                  | mutation]
 32409 | Abyss:3  | Gained mutation: You are robust. (+10% HP) [potion of
                  | mutation]
 32409 | Abyss:3  | Gained mutation: You passively dampen the noise of your
                  | surroundings. [potion of mutation]
 32414 | Abyss:3  | HP: 7/151 [ancient zyme (3)]
 32701 | Abyss:4  | Slain by a large abomination

Illustrated notes

Levels and vault maps discovered:
D:1:      evilmike_arrival_rings, layout_rooms, serial_shops, shop_fountains,
          chequers_serial_rivers_micro_e
D:2:      minmay_chambers_of_ones, layout_loops_cross, uniq_sigmund,
          uniq_crazy_yiuf_cottage, uniq_jessica
D:3:      layout_basic, serial_shops, shop, shapermc_ecumenical_altar_rom_forum
D:4:      layout_cave_pools, lemuel_temple_firewalk_a, minmay_fountain_box,
          hangedman_abyss_or_decor_lesser_grid, chequers_serial_rivers_micro_d,
          uniq_robin
D:5:      layout_basic, uniq_duvessa
D:6:      layout_gridville, nicolae_tso_besieged_by_evil, uniq_pikel,
          uniq_menkaure, uniq_grinder, uniq_prince_ribbit1
D:7:      layout_basic, minmay_misc_feat_rugged, minmay_checkerbox
D:8:      layout_loops_ring, enter_bailey_5, st_stairs_1,
          chequers_serial_rivers_micro_e, palyth_stone_intersect,
          nrook_mini_backslash
D:9:      layout_roguey
D:10:     layout_loops_ring, water_maze_lemuel, uniq_maggie
D:11:     layout_cave_pools, dpeg_lair_monsters, david_orc_3,
          eino_small_chamber_without_monster, patterned_corridor
D:12:     layout_cross
D:13:     layout_roguey, erik_vaults_1
D:14:     layout_stronghold, dk_noncrumbling_3, nicolae_qazlal_eye_of_the_storm,
          uniq_roxanne, uniq_nessos
D:15:     hangedman_depths_entry_civil_slaughter, layout_basic
Temple:   mainiacjoe_temple_starburst
Lair:1:   layout_loops_ring, chequers_serial_rivers_micro_b, minivault_11,
          serial_bayou_shore_a, uniq_fannar
Lair:2:   layout_small_grid, grunt_megastairs_3
Lair:3:   layout_misc_corridors, nicolae_swamp_entry_splash_gauntlet,
          grunt_megastairs_5
Lair:4:   layout_cave_pods, minmay_snake_entry_guardpost_small
Lair:5:   layout_hall_layers, slime_altar_1
Lair:6:   evilmike_catoblepas_cave, layout_cellular_growth, minivault_24,
          grunt_megastairs_4, lemuel_fruit_tree
Swamp:1:  layout_basic_swamp, hangedman_swamp_lotus, swamp_pool3
Swamp:2:  layout_basic_swamp, nicolae_swamp_feature_on_the_river_bank
Swamp:3:  layout_basic_swamp, evilmike_swamp_ruin_house_4
Swamp:4:  swamp_icy, layout_basic_swamp, uniq_donald, uniq_louise, uniq_kirke
Orc:1:    layout_caves, uniq_maurice
Orc:2:    st_orc_rangers, layout_caves
Abyss:4:  base: Lair:4, serial_sigils_hangedman_shear

Skill      XL: |  1  2  3  4  5  6  7  8  9 10 11 12 13 14 15 16 |
---------------+-------------------------------------------------+-----
Dodging        | 2 3 6 7 8 |  8.2
Stealth        | 2 3 5 6 7 |  7.7
Conjurations   | 5 6 7 8 9 10 12 13 15 16 17 | 17.9
Fighting       | 2 3 5 7 8 10 11 | 11.5
Hexes          | 1 2 3 4 5 6 7 |  7.0
Short Blades   | 1 3 5 6 8 9 10 | 10.0
Spellcasting   | 3 4 6 7 8 10 12 | 12.0
Ice Magic      | 1 4 |  4.0
Shields        | 4 5 |  5.0
Earth Magic    | 5 |  5.1
Transmutations | 4 |  4.3

Action                   |  1- 3 |  4- 6 |  7- 9 | 10-12 | 13-15 | 16-18 || total
-------------------------+-------+-------+-------+-------+-------+-------++-------
Melee: Unarmed           |    14 |       |       |       |       |       ||    14
       Tailslap          |     7 |    12 |    30 |    33 |   114 |    31 ||   227
       Whip              |    31 |       |       |       |       |       ||    31
       Dagger            |     2 |   126 |   222 |   297 |   261 |       ||   908
       Punch             |       |       |     5 |     5 |    13 |       ||    23
       Quick blade       |       |       |       |       |   279 |   129 ||   408
 Cast: Magic Dart        |    51 |     2 |       |    11 |    66 |     2 ||   132
       Searing Ray       |     2 |     8 |    20 |    54 |    60 |    16 ||   160
       Fulminant Prism   |       |     1 |     4 |    42 |    35 |       ||    82
       Iskenderun's Batt |       |       |       |    20 |    43 |     8 ||    71
       Orb of Destructio |       |       |       |     8 |   109 |    78 ||   195
       Mephitic Cloud    |       |       |       |       |    30 |     2 ||    32
       Freezing Cloud    |       |       |       |       |    41 |    13 ||    54
  Use: Scroll            |       |     4 |     4 |     4 |    21 |     8 ||    41
       Potion            |       |       |       |     1 |     7 |     6 ||    14
 Stab: Sleeping          |     1 |     5 |     1 |     1 |     1 |       ||     9
       Distracted        |       |     1 |     1 |       |     2 |     1 ||     5
       Confused          |       |       |       |       |     9 |     1 ||    10
       Invisible         |       |       |       |       |     1 |       ||     1
       Petrified         |       |       |       |       |     1 |       ||     1
Armor: Skin              |    17 |    53 |   139 |   151 |   293 |   100 ||   753
Dodge: Dodged            |    37 |    60 |   149 |   183 |   310 |   120 ||   859
Block: Buckler           |       |       |       |       |       |    37 ||    37
